 Dungeon Crawl Stone Soup version 0.28.0-47-ge53b351184 (webtiles) character file.

Game seed: 11764777009081343524

36 Exodus22XD the Skirmisher (level 3, 33/33 HPs)
             Began as a Minotaur Fighter on May 8, 2022.
             Was a Follower of Elyvilon.
             Quit the game on level 1 of the Dungeon.
             The game lasted 00:00:50 (771 turns).

Exodus22XD the Skirmisher (Minotaur Fighter)         Turns: 771, Time: 00:00:51

Health: 33/33      AC:  7    Str: 22    XL:     3   Next: 19%
Magic:  2/2        EV:  9    Int:  5    God:    Elyvilon [*.....]
Gold:   40         SH:  4    Dex:  9    Spells: 2/2 levels left

rFire   . . .      SeeInvis .   a - +0 war axe
rCold   . . .      Faith    .   c - +0 buckler
rNeg    . . .      Spirit   .   b - +0 scale mail
rPois   .          Reflect  .   (helmet restricted)
rElec   .          Harm     .   (no cloak)
rCorr   .          Rampage  .   (no gloves)
Will    .....                   (no boots)
Stlth   ..........              (no amulet)
HPRegen 0.11/turn               (no ring)
MPRegen 0.08/turn               (no ring)

@: no status effects
A: horns 2, retaliatory headbutt
a: Renounce Religion, Purification


You were on level 1 of the Dungeon.
You worshipped Elyvilon.
Elyvilon was aware of your devotion.
You visited 1 branch of the dungeon, and saw 1 of its levels.

You collected 40 gold pieces.

Inventory:

Hand Weapons
 a - a +0 war axe (weapon)
Armour
 b - a +0 scale mail (worn)
 c - a +0 buckler (worn)
Scrolls
 f - a scroll of enchant armour {unknown}
 g - a scroll of noise {unknown}
 i - a scroll of amnesia {unknown}
 j - a scroll of fog {unknown}
 k - a scroll of teleportation {unknown}
 l - a scroll of identify {unknown}
Potions
 d - 3 potions of might
 e - 3 potions of heal wounds {unknown}
 h - a potion of berserk rage {unknown}


   Skills:
 + Level 4.1 Fighting
 + Level 3.2 Axes
 + Level 4.0 Armour
 + Level 4.0 Shields


You had 2 spell levels left.
You didn't know any spells.
Your spell library was empty.

Dungeon Overview and Level Annotations

Branches:
Dungeon (1/15)

Altars:
Elyvilon


Innate Abilities, Weirdness & Mutations

You have a pair of horns on your head.
You reflexively headbutt those who attack you in melee.


Message History

The hobgoblin hits you but does no damage.
There are monsters nearby!
You miss the bat. Your headbutt misses the bat. You hit the hobgoblin.
You kill the hobgoblin!
The bat barely misses you.
A goblin comes into view. It is wielding a +0 dagger.
There are monsters nearby!
You barely miss the bat.
The goblin shouts!
You headbutt the bat.
The bat is moderately wounded.
You block the bat's attack.
The bat is caught in a web!
A hobgoblin comes into view.
The bat struggles to get unstuck from the web.
You slash the bat!
You kill the bat!
The goblin hits you but does no damage.
You slash the hobgoblin!
You kill the hobgoblin!
You closely miss the goblin. The goblin hits you but does no damage.
You slash the goblin!
You kill the goblin!
An endoplasm comes into view.
The endoplasm quivers.
The endoplasm hits you but does no damage.
You hit the endoplasm.
The endoplasm is heavily wounded.
The endoplasm misses you.
You hit the endoplasm.
You kill the endoplasm!
No target in view!
There is a faded altar of an unknown god here.
You see here Plato's Collected Works on Ignition.
You cannot tell which god this altar belongs to.
Convert to them anyway?
Elyvilon accepts your prayer! Elyvilon welcomes you!
You can now purify yourself.
Unknown command.
Press < or > to pray at altars.
Are you sure you want to abandon this character and quit the game? (Confirm with "yes".)

....### ###.# #.##
###..##.###...##
......#.....P#. ..
......#.#...#.## .
......#.#..#P#P .
......#.#.#.#P#####P# #
####..#.#.#P#.#.@P#.#.#.
##.#...^^......^^.^^.
#........)..........
##..###......>#.####
#..# #.......#.#
................#
.#..>..........### ..
............### .
.............#


There were no monsters in sight!

Vanquished Creatures
  4 ball pythons (D:1)
  6 endoplasms (D:1)
  A giant cockroach (D:1)
  3 goblins (D:1)
  3 hobgoblins (D:1)
  5 jackals (D:1)
  A kobold (D:1)
  A quokka (D:1)
  2 bats (D:1)
  A frilled lizard (D:1)
27 creatures vanquished.

Vanquished Creatures (others)
  A fungus (D:1)
1 creature vanquished.

Grand Total: 28 creatures vanquished

Notes
Turn   | Place    | Note
-------+----------+-------------------------------------------
     0 | D:1      | Exodus22XD the Minotaur Fighter began the quest for the
                  | Orb.
     0 | D:1      | Reached XP level 1. HP: 19/19 MP: 0/0
   166 | D:1      | Reached XP level 2. HP: 24/27 MP: 1/1
   727 | D:1      | Reached XP level 3. HP: 33/33 MP: 2/2
   748 | D:1      | Found a faded altar of an unknown god.
   770 | D:1      | Prayed at the altar of an unknown god.
   770 | D:1      | Became a worshipper of Elyvilon the Healer
   770 | D:1      | Reached * piety under Elyvilon
   771 | D:1      | Quit the game

Illustrated notes

Levels and vault maps discovered:
D:1:      nzn_arrival_depleted_hourglass, layout_basic,
          shapermc_ecumenical_altar_rom_forum, minmay_nonomino_d4

Skill      XL: |  1  2 |
---------------+-------+-----
Shields        | 4 |  4.0
Fighting       | 4 |  4.1
Armour         | 4 |  4.0
Axes           | 3 |  3.2

Action                   || total
-------------------------++-------
Melee: War axe           ||    53
       Headbutt          ||     6
Armor: Scale mail        ||    35
Dodge: Dodged            ||    31
Block: Buckler           ||    19
